 Dungeon Crawl Stone Soup version 0.29-a0-700-g2f1814c7b2 (webtiles) character file.

Game seed: 4996534407184680012

9646 gruber the Zephyrmancer (level 11, -1/67 HPs)
             Began as a Tengu Air Elementalist on June 25, 2022.
             Was a Believer of Vehumet.
             Killed by their own static electricity (4 damage)
             ... on level 9 of the Dungeon.
             The game lasted 00:20:30 (16274 turns).

gruber the Zephyrmancer (Tengu Air Elementalist)   Turns: 16274, Time: 00:20:32

Health: -1/67      AC: 12    Str:  9    XL:     11   Next: 49%
Magic:  6/15       EV: 17    Int: 20    God:    Vehumet [**....]
Gold:   696        SH:  4    Dex: 14    Spells: 4/14 levels left

rFire   . . .      SeeInvis .   f - staff of conjuration
rCold   . . .      Faith    .   Q - +0 buckler
rNeg    . . .      Spirit   .   F - +0 steam dragon scales
rPois   +          Reflect  .   (helmet restricted)
rElec   .          Harm     .   i - +0 cloak
rCorr   .          Rampage  .   J - +0 pair of gloves
Will    .....                   (boots unavailable)
Stlth   ++........              (no amulet)
HPRegen 0.21/turn               q - +4 ring of protection
MPRegen 0.14/turn               M - ring of poison resistance

@: flying quickly and evasively, quick
A: beak, talons 3, nimble flight
a: Renounce Religion


You were on level 9 of the Dungeon.
You worshipped Vehumet.
Vehumet was pleased with you.
You visited 2 branches of the dungeon, and saw 11 of its levels.
You also visited: Ossuary.

You collected 696 gold pieces.

Inventory:

Hand Weapons
 K - a +5 short sword
Armour
 i - a +0 cloak (worn)
 F - +0 steam dragon scales (worn)
 J - a +0 pair of gloves (worn)
 Q - a +0 buckler (worn)
Magical Staves
 f - a staff of conjuration (weapon)
Jewellery
 q - a +4 ring of protection (left hand)
 D - a ring of protection from fire
 G - a +4 ring of evasion
 L - a ring of willpower
 M - a ring of poison resistance (right hand)
Wands
 a - a wand of charming (12)
 p - a wand of iceblast (19)
 u - a wand of polymorph (5)
 y - a wand of mindburst (22)
 H - a wand of acid (3)
Scrolls
 c - 4 scrolls of noise {unknown}
 e - 18 scrolls of identify {unknown}
 h - a scroll of enchant weapon {unknown}
 j - 2 scrolls of immolation {unknown}
 l - a scroll of vulnerability {unknown}
 m - 5 scrolls of teleportation {unknown}
 o - 3 scrolls of blinking {unknown}
 r - a scroll of acquirement {unknown}
 s - 2 scrolls of amnesia {unknown}
 t - a scroll of brand weapon {unknown}
 w - 2 scrolls of summoning {unknown}
 x - a scroll of fog {unknown}
 z - a scroll of fear {unknown}
 P - a scroll of magic mapping {unknown}
Potions
 b - 4 potions of magic
 d - 7 potions of heal wounds {unknown}
 g - 8 potions of curing {unknown}
 k - 3 potions of attraction {unknown}
 n - a potion of flight {unknown}
 v - a potion of degeneration {unknown}
 A - a potion of ambrosia {unknown}
 B - 3 potions of lignification {unknown}
 C - 2 potions of brilliance {unknown}
 E - a potion of cancellation {unknown}
 I - a potion of mutation {unknown}
 N - 2 potions of haste
 O - a potion of invisibility {unknown}


   Skills:
 - Level 7.4 Fighting
 - Level 0.5(0.9) Short Blades
 - Level 1.0(1.1) Long Blades
 - Level 0.1(0.2) Axes
 - Level 0.1 Maces & Flails
 - Level 0.1 Polearms
 - Level 0.5 Slings
 - Level 0.1 Bows
 - Level 0.5 Crossbows
 - Level 0.1(0.3) Throwing
 - Level 6.1 Armour
 - Level 6.1 Dodging
 - Level 2.0 Stealth
 * Level 2.3 Shields
 - Level 2.0 Spellcasting
 - Level 10.9 Conjurations
 - Level 1.0 Summonings
 - Level 0.5 Necromancy
 - Level 0.4 Transmutations
 - Level 0.1 Fire Magic
 - Level 0.8 Ice Magic
 - Level 14.1 Air Magic
 - Level 0.2 Poison Magic
 - Level 0.2 Invocations


You had 4 spell levels left.
You knew the following spells:

 Your Spells              Type           Power      Damage    Failure   Level
a - Shock                 Conj/Air       100%       1d9       1%          1
b - Static Discharge      Conj/Air       67%        N/A       1%          2
c - Swiftness             Air            55%        N/A       1%          3
d - Airstrike             Air            27%        N/A       1%          4

Your spell library contained the following spells:

 Spells                   Type           Power      Damage    Failure   Level
 Searing Ray              Conj           100%       2d8       1%          2
 Stone Arrow              Conj/Erth      70%        3d11      7%          3
 Sandblast                Erth           4%         2d4       21%         1
 Ensorcelled Hibernation  Hex/Ice        6%         N/A       26%         2
 Passwall                 Tmut/Erth      1%         N/A       28%         2
 Frozen Ramparts          Ice            10%        1d3       41%         3
 Ozocubu's Armour         Ice            5%         N/A       41%         3
 Summon Ice Beast         Ice/Summ       5%         N/A       80%         4
 Ice Form                 Ice/Tmut       4%         N/A       85%         4
 Metabolic Englaciation   Hex/Ice        1%         N/A       99%         5
 Simulacrum               Ice/Necr       2%         N/A       100%        6


Dungeon Overview and Level Annotations

Branches:
Dungeon (10/15)            Temple (1/1) D:7             Orc (0/2) D:10
Ossuary (visited)
   Lair: D:8-11

Altars:
Ashenzari
Cheibriados
Dithmenos
Hepliaklqana
Makhleb
Nemelex Xobeh
Qazlal
Sif Muna
Trog
Uskayaw
Vehumet
Wu Jian
Xom
Yredelemnul
Zin

Shops:
D:6 :

Annotations:
D:3 2 transporters, HoaS's ghost, amateur TeHu
D:9 Fannar


Innate Abilities, Weirdness & Mutations

You have a beak for a mouth.
You have claws for feet.
Your magical nature lets you fly swiftly and evasively.


Message History

The bolt of acid hits the ice beast!
The ice beast is heavily wounded.
Fannar hits you with a staff of cold.
Unknown command.
Aiming: Corrosive Bolt
Press: ? - help, Shift-Dir - straight line, f/p - Fannar
Aim: Fannar, wielding a staff of cold and wearing a +1 robe of cold resistance (moderately wounded, 53% to hit)
The bolt of acid hits Fannar!
The acid corrodes Fannar!
Fannar is heavily wounded.
Fannar hits you with a staff of cold.
* * * LOW HITPOINT WARNING * * *
Fannar freezes you!
* * * LOW HITPOINT WARNING * * *
Unknown command.
Fannar gestures at you while chanting. The bolt of cold misses you.
The ice beast barely misses you.
You fly upwards.
The ice beast disappears in a puff of smoke!
There is a stone staircase leading down here.
Unknown command.
Unknown command.
Unknown command.
Casting: Static Discharge (safe; 1% risk of failure)
Confirm with . or Enter, or press ? or * to list all spells.
You feel a surge of power!
Fannar is struck by an arc of lightning.
Fannar is heavily wounded.
You are struck by an arc of lightning.
* * * LOW HITPOINT WARNING * * *
The lightning grounds out.
Fannar misses you.
Unknown command.
Unknown command.
Okay, then.
Casting: Static Discharge (safe; 1% risk of failure)
Confirm with . or Enter, or press ? or * to list all spells.
You feel a surge of power!
Fannar is struck by an arc of lightning!
Fannar is severely wounded.
You are struck by an arc of lightning.
You die...

#### ...######################
###
##..............@.......###.##
##############..e..........#.##
.......<.#
##.###.####.#.###.###
##.#####.# #..# #....#..##
##.). ##.# #.#
#..###.##.#.#.###.### ...# #.#
#...........##.#..... #..# #.#
#.##.####..<..#...... #..# #.#
#.##.# ###.#.#...... #..# #.#
#.##.######..........


You could see Fannar (corroded).

Vanquished Creatures
  3 two-headed ogres
  Pikel (D:5)
  Maggie (D:7)
  A wraith (D:10)
  9 yaks
  2 wyverns (D:8)
  3 water moccasins
  Duvessa (D:7)
  5 orc warriors
  An ice beast (D:6)
  A sky beast (D:6)
  5 black bears
  2 centaurs (D:6)
  3 ogres
  A kobold brigand (D:8)
  2 elf zombies (Ossuary)
  8 scorpions
  6 bullfrogs
  A gnoll sergeant (D:10)
  14 wights
  Dowan (D:7)
  3 killer bees (D:7)
  4 howler monkeys
  2 human zombies (Ossuary)
  2 jellies (D:6)
  8 orc priests
  A centaur zombie (Ossuary)
  A gnoll shaman (D:6)
  4 hounds
  Jessica (D:2)
  9 orc wizards
  4 iguanas
  3 mummies
  15 adders
  9 gnolls
  A shadow imp (D:6)
  3 white imps
  An ufetubus (D:7)
  3 worms (D:4)
  7 dart slugs
  36 orcs
  5 endoplasms
  7 goblins
  10 hobgoblins
  7 jackals
  5 quokkas
  9 ball pythons
  7 bats
  5 frilled lizards
  2 goblin zombies (Ossuary)
  12 hobgoblin zombies
  9 kobolds
  11 kobold zombies (Ossuary)
  7 orc zombies (Ossuary)
  11 rats
  A rat zombie (Ossuary)
296 creatures vanquished.

Vanquished Creatures (others)
  27 fungi (D:10)
  33 plants (D:10)
60 creatures vanquished.

Grand Total: 356 creatures vanquished

Notes
Turn   | Place    | Note
-------+----------+-------------------------------------------
     0 | D:1      | gruber the Tengu Air Elementalist began the quest for the
                  | Orb.
     0 | D:1      | Reached XP level 1. HP: 10/10 MP: 4/4
   262 | D:1      | Reached XP level 2. HP: 7/15 MP: 1/6
   596 | D:1      | Reached skill level 5 in Air Magic
   799 | D:1      | Reached XP level 3. HP: 19/19 MP: 5/7
   864 | D:1      | Learned a level 2 spell: Static Discharge
  1657 | D:2      | Reached XP level 4. HP: 24/24 MP: 3/8
  2094 | D:2      | Noticed Jessica
  2096 | D:2      | Killed Jessica
  2117 | D:2      | Reached skill level 6 in Air Magic
  2241 | D:2      | Gained mutation: Your magical nature lets you fly swiftly
                  | and evasively. [Tengu growth]
  2241 | D:2      | Reached XP level 5. HP: 26/28 MP: 2/9
  2441 | D:2      | Found a faded altar of an unknown god.
  2685 | D:3      | Noticed HoaS's ghost (amateur TeHu)
  2686 | D:3      | Found a transporter.
  3228 | D:3      | Reached skill level 5 in Conjurations
  3514 | D:3      | Found a transporter.
  3636 | D:3      | Learned a level 3 spell: Swiftness
  3811 | D:4      | Noticed a black bear
  3833 | D:4      | Killed a black bear
  3834 | D:4      | Reached skill level 7 in Air Magic
  3834 | D:4      | Reached XP level 6. HP: 21/32 MP: 3/10
  4055 | D:4      | Reached skill level 8 in Air Magic
  4064 | D:4      | Reached XP level 7. HP: 34/36 MP: 0/11
  4225 | D:4      | Reached skill level 9 in Air Magic
  4880 | D:4      | Reached skill level 10 in Air Magic
  5009 | D:4      | Learned a level 4 spell: Airstrike
  5282 | D:5      | Entered Level 5 of the Dungeon
  5621 | D:5      | Reached skill level 11 in Air Magic
  5621 | D:5      | Reached XP level 8. HP: 6/41 MP: 0/12
  6285 | D:5      | Noticed Pikel
  6326 | D:5      | Killed Pikel
  6327 | D:5      | Reached skill level 12 in Air Magic
  6574 | D:5      | Reached skill level 13 in Air Magic
  7145 | D:6      | Reached skill level 14 in Air Magic
  7145 | D:6      | Reached XP level 9. HP: 45/45 MP: 4/13
  7632 | D:6      | Reached skill level 5 in Dodging
  7831 | D:6      | Found a hide-covered altar of Uskayaw.
  8159 | D:6      | Reached skill level 1 in Fighting
  8379 | D:6      | Found Fokha's Book Emporium.
  8470 | D:7      | Noticed Duvessa
  8470 | D:7      | Noticed Dowan
  8477 | D:7      | Killed Dowan
  8478 | D:7      | Killed Duvessa
  8647 | D:7      | Found a staircase to the Ecumenical Temple.
  8690 | D:7      | Found a sand-covered staircase.
  8696 | Ossuary  | Entered an ossuary
  9173 | Ossuary  | Reached skill level 5 in Fighting
  9665 | Temple   | Entered the Ecumenical Temple
  9708 | Temple   | Became a worshipper of Vehumet
  9745 | D:7      | Reached XP level 10. HP: 59/59 MP: 9/14
 10900 | D:7      | Noticed Maggie
 10943 | D:7      | Killed Maggie
 11683 | D:8      | Reached skill level 1 in Armour
 12476 | D:8      | Reached skill level 1 in Long Blades
 12616 | D:8      | Reached * piety under Vehumet
 12616 | D:8      | Offered knowledge of Magic Dart by Vehumet.
 12829 | D:8      | Reached skill level 1 in Summonings
 13427 | D:9      | Reached skill level 5 in Armour
 14180 | D:9      | Noticed a two-headed ogre
 14321 | D:9      | Killed a two-headed ogre
 14322 | D:9      | Reached XP level 11. HP: 56/67 MP: 1/15
 14766 | D:10     | Entered Level 10 of the Dungeon
 14884 | D:10     | Noticed a two-headed ogre
 14922 | D:10     | Killed a two-headed ogre
 15027 | D:10     | Noticed a two-headed ogre
 15030 | D:10     | Killed a two-headed ogre
 15031 | D:10     | Reached skill level 10 in Conjurations
 15190 | D:10     | Noticed a tengu warrior
 15400 | D:10     | Noticed Fannar
 15448 | D:10     | Found a staircase to the Orcish Mines.
 15453 | D:10     | Offered knowledge of Searing Ray by Vehumet.
 15457 | D:10     | Reached ** piety under Vehumet
 16019 | D:10     | Reached skill level 1 in Shields
 16270 | D:10     | HP: 3/67 [Fannar/staff of cold (17)]
 16274 | D:9      | Killed from afar by themself

Illustrated notes

Levels and vault maps discovered:
D:1:      dpeg_arrival_ratfight, layout_basic, minmay_hexomino_p4
D:2:      cheibrodos_helix_gallery, layout_basic,
          hellmonk_ecumenical_altar_crossroads, uniq_jessica
D:3:      layout_loops_cross, gammafunk_ghost_mausoleum, minmay_bisected
D:4:      layout_basic
D:5:      layout_layer_cave, uniq_pikel
D:6:      hangedman_cross_stitches, layout_rooms,
          eat_drink_and_be_merry_uskayaw, serial_shops, shop
D:7:      layout_gridville, minmay_temple_entry_large_hall,
          serial_co_window_serial, co_window_paths_b, co_window_paths_b,
          co_window_paths_b, co_window_paths_a, co_window_cross_1,
          co_window_paths_a, co_window_corner_a, co_window_of_opportunity_a,
          co_window_corner_a, co_window_unsneaky_path_e, co_window_broadway_a,
          co_window_paths_c, glass_columns_a, glass_columns_a, glass_columns_a,
          glass_columns_a, glass_columns_c, nicolae_ossuary_entry_giza,
          uniq_duvessa, uniq_maggie
D:8:      layout_loops_cross
D:9:      layout_loops_ring, enter_bailey_4
D:10:     layout_cave_pools, due_lair_maze_entry_diamond, serial_glass,
          glass_columns_a, glass_columns_c, uniq_sonja, uniq_fannar
Temple:   nicolae_temple_the_god_donut

Skill      XL: |  1  2  3  4  5  6  7  8  9 10 11 |
---------------+----------------------------------+-----
Conjurations   | 2 3 4 5 7 10 | 10.9
Air Magic      | 5 6 7 8 11 14 | 14.1
Dodging        | 6 |  6.1
Fighting       | 5 7 |  7.4
Armour         | 6 |  6.1
Long Blades    | 1 |  1.0
Summonings     | 1 |  1.0
Shields        | 2 |  2.3
Short Blades   | |  0.5
Axes           | |  0.1
Maces & Flails | |  0.1
Polearms       | |  0.1
Slings         | |  0.5
Bows           | |  0.1
Crossbows      | |  0.5
Throwing       | |  0.1
Stealth        | |  2.0
Spellcasting   | |  2.0
Necromancy     | |  0.5
Transmutations | |  0.4
Fire Magic     | |  0.1
Ice Magic      | |  0.8
Poison Magic   | |  0.2
Invocations    | |  0.2

Action                   |  1- 3 |  4- 6 |  7- 9 | 10-12 || total
-------------------------+-------+-------+-------+-------++-------
Melee: Unarmed           |     6 |       |       |       ||     6
       Kick              |     1 |       |    10 |    17 ||    28
       Peck              |     2 |       |     9 |    13 ||    24
       Staff             |       |       |    31 |    41 ||    72
       Punch             |       |       |       |     1 ||     1
 Cast: Shock             |    64 |    99 |   292 |   137 ||   592
       Static Discharge  |       |     2 |    22 |   104 ||   128
       Airstrike         |       |       |     4 |    18 ||    22
Evoke: Wand              |       |       |       |     3 ||     3
Armor: Robe              |     2 |     3 |    28 |     5 ||    38
       Steam dragon scal |       |       |       |    29 ||    29
Dodge: Dodged            |    15 |    12 |    97 |   164 ||   288
Block: Buckler           |       |       |       |     1 ||     1

Table legend: (Time is in decaauts)
 A = Elapsed time spent in this place.
 B = Non-inter-level travel time spent in this place.
 C = Inter-level travel time spent in this place.
 D = Time resting spent in this place.
 E = Time spent auto-exploring this place.
 F = Levels seen in this place.
 G = Mean time per level.
                   A        B        C        D        E       F      G
               +--------+--------+--------+--------+--------+-----+--------+
         Total |  15727 |  15191 |    536 |   1013 |  12254 |  12 | 1310.6 |
       Dungeon |  14734 |  14220 |    514 |   1013 |  11480 |  10 | 1473.4 |
        Temple |     62 |     40 |     22 |      0 |     22 |   1 |   62.0 |
       Ossuary |    931 |    931 |      0 |      0 |    751 |   1 |  931.0 |
               +--------+--------+--------+--------+--------+-----+--------+

Top non-repeatable levels by time:
     D:9: 2173 daAuts
     D:5: 2078 daAuts
     D:7: 1990 daAuts
     D:1: 1554 daAuts
     D:8: 1515 daAuts
     D:4: 1507 daAuts
     D:6: 1209 daAuts
     D:2: 1050 daAuts
     D:3: 1017 daAuts
 Ossuary: 931 daAuts
    D:10: 638 daAuts
  Temple: 62 daAuts
